[Event "Titled Tuesday Blitz December 06 Early 2022"]
[White "Gormally, Daniel W"]
[Black "Madaminov, Mukhiddin"]
[WhiteFideId "406465"]
[BlackFideId "14210703"]
[WhiteElo "2553"]
[BlackElo "2333"]
[Result "1-0"]
[Round "09"]
[TimeControl "180+1"]
[Date "2022.12.06"]
[WhiteClock "0:00:47"]
[BlackClock "0:00:44"]

1. e4 e5 2. Nf3 Nc6 3. Bb5 a6 4. Ba4 Nf6 5. O-O Nxe4 6. d4 b5 7. Bb3 d5 8. dxe5 Be6 9. Be3 Be7 10. c3 O-O 11. Nbd2 Bg4 12. h3 Nxd2 13. Bxd2 Bxf3 14. Qxf3 Nxe5 15. Qg3 Nc4 16. Bf4 c6 17. Bxc4 bxc4 18. b3 cxb3 19. axb3 Bf6 20. Rad1 Qb6 21. c4 dxc4 22. bxc4 Rfe8 23. Rd6 Bd4 24. Qf3 Rac8 25. Rd7 c5 26. Bd6 Bf6 27. Qd5 Re6 28. g4 Qc6 29. Bg3 h6 30. Rb1 Re7 31. Rd8+ Kh7 32. Qf5+ g6 33. Rxc8 Rb7 34. Rxc6 Rxb1+ 35. Qxb1 1-0


[Site "https://www.chess.com"]

[Event "Titled Tuesday Blitz December 06 Early 2022"]
[White "Goroshkov, Maksym"]
[Black "Petrova, Irina"]
[WhiteFideId "14142716"]
[BlackFideId "14124122"]
[WhiteElo "2258"]
[BlackElo "2023"]
[Result "1-0"]
[Round "09"]
[TimeControl "180+1"]
[Date "2022.12.07"]
[WhiteClock "0:01:05"]
[BlackClock "0:00:20"]

1. e4 d6 2. d4 Nf6 3. Bd3 e5 4. c3 Nc6 5. Ne2 Be7 6. O-O O-O 7. Bg5 d5 8. Bxf6 Bxf6 9. exd5 Qxd5 10. c4 Qd8 11. d5 Nd4 12. Nd2 g6 13. Nxd4 exd4 14. Re1 Bg7 15. Qf3 Qh4 16. h3 Bd7 17. Re4 Qg5 18. Nb3 Bf5 19. Re2 Bxd3 20. Qxd3 Rfe8 21. Rae1 Rxe2 22. Rxe2 h5 23. Re1 c6 24. d6 c5 25. d7 Rd8 26. Re8+ Kh7 27. Nxc5 Bf6 28. Ne4 Qc1+ 29. Kh2 Qf4+ 30. g3 Qf5 31. Nxf6+ Qxf6 32. Rxd8 Qxd8 33. Qxd4 b6 34. Qd6 Kg7 35. Qe5+ Kf8 36. Qh8+ Ke7 37. Qxd8+ Kxd8 38. Kg2 Kxd7 39. Kf3 Kc6 40. Ke4 Kc5 41. Kd3 f6 42. Kc3 a5 43. b3 b5 44. cxb5 Kxb5 45. a3 g5 46. b4 axb4+ 47. axb4 f5 48. Kd4 g4 49. h4 1-0


[Site "https://www.chess.com"]

[Event "Titled Tuesday Blitz December 06 Early 2022"]
[White "Guzman Moneo, Alberto"]
[Black "Herman, Daniel"]
[WhiteFideId "2209616"]
[BlackFideId "30935008"]
[WhiteElo "2157"]
[BlackElo "1897"]
[Result "1-0"]
[Round "09"]
[TimeControl "180+1"]
[Date "2022.12.07"]
[WhiteClock "0:00:15"]
[BlackClock "0:00:07"]

1. c4 e5 2. Nc3 Bb4 3. Nd5 Be7 4. d4 d6 5. Nf3 Nc6 6. e3 Nf6 7. Nxe7 Qxe7 8. Be2 O-O 9. O-O Bg4 10. Re1 e4 11. Nd2 Bxe2 12. Qxe2 d5 13. a3 Nd8 14. cxd5 Nxd5 15. Nc4 Ne6 16. Bd2 c5 17. dxc5 Nxc5 18. Red1 Nd3 19. Be1 Rac8 20. Na5 b6 21. Nb3 Rc6 22. Nd4 Rg6 23. Rxd3 exd3 24. Qxd3 Rc8 25. Nf5 Qe5 26. Qxd5 Qxd5 27. Ne7+ Kf8 28. Nxd5 Rc2 29. Bc3 f6 30. Nb4 Rxc3 31. bxc3 Rg5 32. Rc1 Ra5 33. Nc2 Rc5 34. Nd4 Ra5 35. Ra1 Rc5 36. Ne2 Rd5 37. Kf1 Rd2 38. Ke1 Rb2 39. a4 Ke7 40. a5 b5 41. a6 Kd6 42. Nd4 Kc5 43. Ne6+ Kc4 44. Nxg7 Kxc3 45. Nh5 b4 46. Nxf6 b3 47. Nd5+ Kc4 48. Nb6+ Kc3 49. Na4+ Kc2 50. Nxb2 Kxb2 51. Rd1 Kc3 52. e4 b2 53. e5 1-0


[Site "https://www.chess.com"]

[Event "Titled Tuesday Blitz December 06 Early 2022"]
[White "Han, Yichen"]
[Black "Aradhya, Garg"]
[WhiteFideId "1054430"]
[BlackFideId "25006746"]
[WhiteElo "2323"]
[BlackElo "2278"]
[Result "1-0"]
[Round "09"]
[TimeControl "180+1"]
[Date "2022.12.06"]
[WhiteClock "0:00:03"]
[BlackClock "0:00:03"]

1. d4 d5 2. c4 c6 3. Nf3 Nf6 4. Nc3 dxc4 5. g3 g6 6. Bg2 Bg7 7. O-O O-O 8. Ne5 Ng4 9. Nxg4 Bxg4 10. Qa4 b5 11. Qc2 Na6 12. a3 Rc8 13. Bd2 Qxd4 14. Rad1 Nc5 15. Be3 Qe5 16. Bd4 Qh5 17. h3 Bxh3 18. Bxh3 Rcd8 19. Bxg7 Kxg7 20. Bg2 Rc8 21. Ne4 Ne6 22. Qc3+ Kg8 23. Rd7 f5 24. Rxe7 fxe4 25. Rxe6 Rce8 26. Rxe4 Rxe4 27. Bxe4 Qxe2 28. Bxc6 Rf5 29. Qe3 Qxe3 30. fxe3 Rg5 31. Kg2 Rc5 32. Bf3 c3 33. bxc3 Rxc3 34. Rb1 Rxe3 35. Rxb5 Rxa3 36. Bd5+ Kg7 37. Rb7+ Kh8 38. Kh3 Ra4 39. g4 h5 40. g5 Rg4 41. Rb8+ Kg7 42. Rb7+ Kh8 43. Rxa7 Rxg5 44. Be4 Kg8 45. Bc2 Kf8 46. Kh4 Rg4+ 47. Kh3 Rg5 48. Bb3 Rf5 49. Kg3 Rg5+ 50. Kf4 Rf5+ 51. Ke4 h4 52. Be6 Rb5 53. Bd5 h3 54. Rh7 Rb2 55. Rxh3 Ke7 56. Ke5 Re2+ 57. Be4 Ra2 58. Rh7+ Ke8 59. Bxg6+ Kd8 60. Be4 Kc8 61. Bd5 Ra6 62. Kd4 Rg6 63. Kc5 Kd8 64. Bc6 Rf6 65. Bd5 Rg6 66. Ra7 Rf6 67. Rb7 Rg6 68. Kd4 Rh6 69. Ke5 Rg6 70. Be6 Rg1 71. Kd6 Rd1+ 72. Bd5 Kc8 73. Ra7 Rb1 74. Rg7 Rb6+ 75. Kc5 Rf6 76. Bc6 Kd8 77. Rg8+ Ke7 78. Bd5 Rf1 79. Rg7+ Ke8 80. Kd6 Kf8 81. Rg8# 1-0


[Site "https://www.chess.com"]

[Event "Titled Tuesday Blitz December 06 Early 2022"]
[White "Iskusnyh, Sergei"]
[Black "Movahed, Sina"]
[WhiteFideId "4120027"]
[BlackFideId "42520835"]
[WhiteElo "2492"]
[BlackElo "2225"]
[Result "0-1"]
[Round "09"]
[TimeControl "180+1"]
[Date "2022.12.06"]
[WhiteClock "0:00:16"]
[BlackClock "0:01:22"]

1. e4 c5 2. Nf3 d6 3. d4 cxd4 4. Nxd4 Nf6 5. Nc3 a6 6. Bg5 e6 7. f4 Be7 8. Qf3 Qc7 9. O-O-O Nbd7 10. g4 b5 11. Bxf6 Nxf6 12. g5 Nd7 13. f5 O-O 14. fxe6 fxe6 15. Nxe6 Rxf3 16. Nxc7 Bxg5+ 17. Kb1 Ra7 18. Ne6 Be7 19. Nd5 Ne5 20. Nd4 Rf7 21. Be2 Bh3 22. Rhg1 Bh4 23. a3 Bf2 24. Rg5 h6 25. Rxe5 dxe5 26. Nc6 Ra8 27. Nxe5 Rff8 28. Ng6 Rfe8 29. Nge7+ Kh7 30. Bh5 Rf8 31. Bg6+ Kh8 32. Bh5 Rfd8 33. Ng6+ Kh7 34. Ngf4 Bc8 35. Bg6+ Kh8 36. Bf7 g5 37. Nh5 Bg4 38. Nhf6 Bxd1 0-1


[Site "https://www.chess.com"]

[Event "Titled Tuesday Blitz December 06 Early 2022"]
[White "Kim, Sergey"]
[Black "Jaskolka, Tomasz"]
[WhiteFideId "13700570"]
[BlackFideId "1170791"]
[WhiteElo "2619"]
[BlackElo "2126"]
[Result "0-1"]
[Round "09"]
[TimeControl "180+1"]
[Date "2022.12.07"]
[WhiteClock "0:00:08"]
[BlackClock "0:00:08"]

1. d4 Nf6 2. c4 e6 3. Nc3 Bb4 4. Qc2 O-O 5. a3 Bxc3+ 6. Qxc3 d5 7. Nf3 b6 8. g3 Bb7 9. Bg2 Nbd7 10. O-O dxc4 11. Qxc4 c5 12. Rd1 cxd4 13. Qxd4 h6 14. b4 Qe7 15. Bf4 Rfd8 16. Bd6 Qe8 17. Rac1 Rdc8 18. b5 Ne4 19. Bb4 Ndc5 20. Ne5 Qxb5 21. Bxc5 Nxc5 22. Bxb7 Nxb7 23. Qf4 f6 24. Ng6 Kf7 25. Nh4 Rxc1 26. Rxc1 Nc5 27. Qg4 Rd8 28. Qh5+ Kg8 29. Ng6 Qb2 30. Rf1 Qd2 31. Ne7+ Kh8 32. e3 Qd3 33. Qf7 Kh7 34. h4 Qd7 35. Qg6+ Kh8 36. Qf7 Kh7 37. Qg6+ Kh8 38. Qf7 Qe8 39. Ng6+ Kh7 40. Qxe8 Rxe8 41. h5 e5 42. Rd1 e4 43. Rd6 Kg8 44. Rc6 Rd8 45. Rc7 Rd7 46. Rc8+ Kf7 47. Rf8+ Ke6 48. Re8+ Kf5 49. Nf4 Kg4 50. Kg2 Rd2 51. Rg8 Nd3 52. Rxg7+ Kf5 53. g4+ Ke5 54. Re7+ Kd6 55. Rxe4 Nxf2 56. Rd4+ Rxd4 57. exd4 Nxg4 58. Kf3 f5 59. Ng6 Nf6 60. Nf4 a5 61. Ke3 b5 62. Kd3 Kc6 63. Kc3 Nd5+ 64. Nxd5 Kxd5 65. Kd3 b4 66. Ke3 bxa3 0-1


[Site "https://www.chess.com"]

[Event "Titled Tuesday Blitz December 06 Early 2022"]
[White "Kirillov, Dmitry"]
[Black "Grabinsky, Vladimir"]
[WhiteFideId "34180572"]
[BlackFideId "14107074"]
[WhiteElo "2111"]
[BlackElo "2198"]
[Result "1-0"]
[Round "09"]
[TimeControl "180+1"]
[Date "2022.12.07"]
[WhiteClock "0:00:07"]
[BlackClock "0:00:02"]

1. e4 c5 2. Nc3 Nc6 3. f4 g6 4. Nf3 Bg7 5. Bc4 e6 6. e5 f6 7. Nb5 fxe5 8. Nd6+ Ke7 9. fxe5 Nxe5 10. Nxe5 Bxe5 11. d4 cxd4 12. Bg5+ Nf6 13. Ne4 d5 14. Nxf6 Bxf6 15. Bxf6+ Kxf6 16. O-O+ Kg7 17. Qxd4+ Kg8 18. Kh1 Bd7 19. Bxd5 exd5 20. Qxd5+ Kg7 21. Rf7+ Kh6 22. Rxd7 Qg5 23. Qd3 Rae8 24. Qh3+ Qh5 25. Qxh5+ Kxh5 26. Rxb7 Re2 27. Rxa7 Rxc2 28. b4 Re8 29. b5 Ree2 30. Rg1 Rxa2 31. Rxh7+ Kg5 32. b6 Rab2 33. b7 Re5 34. h4+ Kg4 35. Rg7 Re6 36. Rf1 Kxh4 37. Rf8 Kg3 38. Rf1 Rc6 39. Rg1 Rcb6 40. b8=Q+ Rxb8 41. Rxg6+ Kf4 42. Rh6 Kg5 43. Rh2 R8b3 44. Rh8 Rb1 45. Kh2 Rxg1 46. Kxg1 Kg4 47. Kh2 Kg5 48. Rg8+ Kf6 49. Rh8 Kg6 50. Rh3 Rxh3+ 51. Kxh3 Kg5 52. Kg3 Kg6 53. Kg4 Kf6 54. Kh5 Kg7 55. Kg5 1-0


[Site "https://www.chess.com"]

[Event "Titled Tuesday Blitz December 06 Early 2022"]
[White "Koellner, Ruben Gideon"]
[Black "Andreikin, Dmitry"]
[WhiteFideId "12993093"]
[BlackFideId "4158814"]
[WhiteElo "2303"]
[BlackElo "2735"]
[Result "0-1"]
[Round "09"]
[TimeControl "180+1"]
[Date "2022.12.06"]
[WhiteClock "0:00:01"]
[BlackClock "0:00:11"]

1. d4 d5 2. Nf3 Nf6 3. Nbd2 c5 4. e3 Nc6 5. c3 g6 6. dxc5 Bg7 7. Bd3 O-O 8. O-O Bg4 9. h3 Bxf3 10. Nxf3 Nd7 11. e4 d4 12. cxd4 Nxd4 13. Be3 Nxc5 14. Bc2 e5 15. Bxd4 exd4 16. Bd3 Qb6 17. b3 Rac8 18. Rc1 Nxd3 19. Qxd3 Rc3 20. Rxc3 dxc3 21. e5 Rc8 22. Rc1 Qc5 23. Qe4 c2 24. Ne1 Qxe5 25. Qxe5 Bxe5 26. Rxc2 Rd8 27. Kf1 Kf8 28. Ke2 Ke7 29. Nd3 Bd6 30. Rc4 f5 31. Ne1 Kf6 32. Nc2 Re8+ 33. Kf3 g5 34. Ne3 h5 35. g3 g4+ 36. hxg4 hxg4+ 37. Ke2 Ke6 38. Kd3 Rh8 39. Rc2 Be5 40. Nc4 Bc7 41. Re2+ Kf6 42. Ne3 Rd8+ 43. Kc2 Bb6 44. Rd2 Rc8+ 45. Kd3 Bc5 46. Rc2 Rd8+ 47. Ke2 b6 48. Rd2 Re8 49. Rd7 f4 50. gxf4 g3 51. Kf3 gxf2 52. Ng4+ Kf5 53. Nxf2 Re3+ 54. Kg2 Re2 55. Rf7+ Kg6 56. Rxa7 Rxf2+ 57. Kg3 Kf5 58. Rf7+ Ke4 59. Ra7 Rf3+ 0-1


[Site "https://www.chess.com"]

[Event "Titled Tuesday Blitz December 06 Early 2022"]
[White "Kuznetsov, Mikhail"]
[Black "Sargsyan, Anna M."]
[WhiteFideId "4117190"]
[BlackFideId "13308130"]
[WhiteElo "1981"]
[BlackElo "2284"]
[Result "1/2-1/2"]
[Round "09"]
[TimeControl "180+1"]
[Date "2022.12.07"]
[WhiteClock "0:00:02"]
[BlackClock "0:00:03"]

1. Nf3 d5 2. g3 Nf6 3. Bg2 g6 4. O-O Bg7 5. d4 O-O 6. c4 c6 7. cxd5 cxd5 8. Nc3 Ne4 9. Nxe4 dxe4 10. Ne5 f6 11. Nc4 f5 12. e3 Nc6 13. Bd2 Be6 14. Rc1 Rc8 15. b3 Bd5 16. Bc3 e6 17. Qd2 g5 18. Na5 Ne7 19. Bb4 Qd7 20. Rxc8 Rxc8 21. Rc1 Ng6 22. Rxc8+ Qxc8 23. Qc3 Qxc3 24. Bxc3 Kf7 25. Bf1 e5 26. dxe5 Nxe5 27. Bxe5 Bxe5 28. Bc4 Bxc4 29. Nxc4 Bc7 30. Kf1 b5 31. Nd2 Ba5 32. Ke2 Ke6 33. h3 h5 34. Nb1 a6 35. a3 Kd5 36. b4 Bc7 37. Kd2 Be5 38. Kc2 h4 39. gxh4 gxh4 40. Nd2 Bh2 41. Kd1 Bd6 42. Kc2 Bc7 43. Nb3 Bh2 44. Nd4 Bg1 45. Nxf5 Bxf2 46. Kd2 Ke5 47. Ne7 Bg3 48. Nc6+ Kd5 49. Nd4 Kc4 50. Kc2 Bf2 51. Nf5 Be1 52. Nd6+ Kd5 53. Nf5 Ke6 54. Nd4+ Ke5 55. Nc6+ Kd6 56. Nd4 Kd5 57. Nf5 Bf2 58. Kd2 Kc4 59. Nd4 Bg3 60. Kc2 Kd5 61. Kd2 Be5 62. Nf5 Bb2 63. Nxh4 Bxa3 64. Kc3 Bc1 65. Ng2 Ke5 66. Kc2 Ba3 67. Kb3 Bc1 68. Kc2 Ba3 69. Kb3 Bc1 70. Kc3 Ba3 71. Kb3 1/2-1/2


[Site "https://www.chess.com"]

[Event "Titled Tuesday Blitz December 06 Early 2022"]
[White "Kvaloy, Aksel Bu"]
[Black "Skibbe, Willi"]
[WhiteFideId "1528815"]
[BlackFideId "4682190"]
[WhiteElo "2184"]
[BlackElo "2384"]
[Result "1-0"]
[Round "09"]
[TimeControl "180+1"]
[Date "2022.12.07"]
[WhiteClock "0:01:49"]
[BlackClock "0:00:44"]

1. d4 d5 2. c4 e6 3. Nf3 Nf6 4. g3 Be7 5. Bg2 O-O 6. O-O dxc4 7. Qc2 b5 8. a4 Bb7 9. axb5 a6 10. bxa6 Nxa6 11. Qxc4 Bd5 12. Qc3 Ne4 13. Qe1 Nb4 14. Rxa8 Qxa8 15. Nc3 Nc2 16. Qd1 Nxc3 17. bxc3 Qa2 18. Bg5 Bxf3 19. Bxe7 Bxg2 20. Kxg2 Rb8 21. Qd3 Rb2 22. h4 f5 23. h5 Kf7 24. Bc5 Na3 25. Qa6 Nc4 26. Qc6 Rxe2 27. Qd7+ 1-0


[Site "https://www.chess.com"]

[Event "Titled Tuesday Blitz December 06 Early 2022"]
[White "Kyaw Lay Htaik"]
[Black "Slovineanu"]
[WhiteFideId "13002007"]
[WhiteElo "2261"]
[BlackElo "2244"]
[Result "1-0"]
[Round "09"]
[TimeControl "180+1"]
[Date "2022.12.07"]
[WhiteClock "0:01:52"]
[BlackClock "0:01:17"]

1. d4 Nf6 2. Nf3 e6 3. Bf4 d5 4. e3 c5 5. c3 Bd6 6. Bg3 Qc7 7. Nbd2 Nbd7 8. Bb5 O-O 9. O-O e5 10. dxe5 Nxe5 11. Nxe5 Bxe5 12. Bd3 Bg4 13. Qa4 a6 14. Qa3 c4 15. Bc2 Bxg3 16. hxg3 Qe5 17. Qc5 Rac8 18. Qd4 Qxd4 19. exd4 Rfe8 20. Rfe1 Be2 21. f3 Nd7 22. Bf5 Rc7 23. Kf2 1-0


[Site "https://www.chess.com"]

[Event "Titled Tuesday Blitz December 06 Early 2022"]
[White "Lauridsen, Jesper Morch"]
[Black "Najdin, Danil"]
[WhiteFideId "1401890"]
[BlackFideId "4172426"]
[WhiteElo "2262"]
[BlackElo "2245"]
[Result "0-1"]
[Round "09"]
[TimeControl "180+1"]
[Date "2022.12.07"]
[WhiteClock "0:00:10"]
[BlackClock "0:00:04"]

1. e4 e5 2. d4 exd4 3. Qxd4 Nc6 4. Qe3 g6 5. Nc3 Bg7 6. h4 Nf6 7. Be2 O-O 8. e5 Re8 9. f4 d6 10. Bd2 dxe5 11. O-O-O Bf5 12. Nf3 exf4 13. Qxf4 Nd5 14. Nxd5 Qxd5 15. Bc4 Qe4 16. Bxf7+ Kh8 17. Qxe4 Rxe4 18. Ng5 Rg4 19. Bd5 Ne5 20. Bc3 c6 21. Bb3 Re8 22. Rhe1 Rxg2 23. Bxe5 Bxe5 24. Rxe5 Rxe5 25. Nf7+ Kg7 26. Nxe5 Rh2 27. Nf3 Rh3 28. Ng5 Rxh4 29. Be6 Kf6 30. Bxf5 Kxf5 31. Nf7 Rh2 32. Nd6+ Kg4 33. Nxb7 h5 34. Nd8 g5 35. Nxc6 h4 36. Ne5+ Kf4 37. Nd3+ Ke3 38. Re1+ Re2 39. Rg1 h3 40. Rxg5 h2 41. Rh5 Kf3 42. Kd1 Rg2 43. Ne1+ Kg4 44. Nxg2 Kxh5 45. Nf4+ Kg4 46. Nd3 h1=Q+ 47. Kd2 Qg2+ 48. Kc3 Qc6+ 49. Kb3 Qb6+ 50. Kc3 Kf3 51. a3 Ke3 52. b3 Qd4# 0-1


[Site "https://www.chess.com"]

[Event "Titled Tuesday Blitz December 06 Early 2022"]
[White "Le, Tuan Minh"]
[Black "Predke, Alexandr"]
[WhiteFideId "12401153"]
[BlackFideId "24107581"]
[WhiteElo "2530"]
[BlackElo "2616"]
[Result "1-0"]
[Round "09"]
[TimeControl "180+1"]
[Date "2022.12.06"]
[WhiteClock "0:00:05"]
[BlackClock "0:00:08"]

1. d4 d5 2. Nf3 Nf6 3. Bf4 Bf5 4. c4 e6 5. Nc3 c6 6. Qb3 Qb6 7. c5 Qxb3 8. axb3 Be7 9. e3 a6 10. b4 O-O 11. b5 cxb5 12. Bxb5 Ne4 13. Ke2 Rc8 14. Rhc1 g5 15. Bg3 h5 16. Bd3 Nc6 17. Bxe4 Bxe4 18. Nxe4 dxe4 19. Nd2 f5 20. h4 gxh4 21. Bf4 Kf7 22. Nc4 Rg8 23. Rg1 Rg6 24. Ra3 Rag8 25. g3 hxg3 26. Rxg3 h4 27. Rxg6 Rxg6 28. Rb3 h3 29. Rxb7 Rg4 30. Kf1 Ke8 31. Bg3 f4 32. Bxf4 Nxd4 33. Rb8+ Bd8 34. Nd6+ Kd7 35. Nxe4 Nc6 36. Rb7+ Ke8 37. Rh7 e5 38. Nd6+ Kf8 39. Bg3 Be7 40. Rxh3 Bxd6 41. cxd6 Rg6 42. Rh8+ Kf7 43. d7 Ke7 44. d8=Q+ Nxd8 45. Bh4+ 1-0


[Site "https://www.chess.com"]

[Event "Titled Tuesday Blitz December 06 Early 2022"]
[White "Lehtosaari, Mauri"]
[Black "Matveeva, Olga"]
[WhiteFideId "501999"]
[BlackFideId "24107018"]
[WhiteElo "2499"]
[BlackElo "2056"]
[Result "1/2-1/2"]
[Round "09"]
[TimeControl "180+1"]
[Date "2022.12.07"]
[WhiteClock "0:00:21"]
[BlackClock "0:00:10"]

1. d4 d5 2. Nf3 Nf6 3. Bg5 e6 4. e3 Be7 5. Bd3 Nbd7 6. O-O h6 7. Bh4 O-O 8. Nbd2 c5 9. c3 b6 10. Ne5 Bb7 11. f4 Ne4 12. Bxe7 Qxe7 13. Nxd7 Qxd7 14. Nf3 f6 15. Qc2 Rac8 16. Rad1 cxd4 17. exd4 Qd6 18. g3 a6 19. Nd2 f5 20. Nf3 b5 21. a3 Bc6 22. Ne5 Be8 23. Rde1 a5 24. Qe2 b4 25. axb4 axb4 26. Bxe4 fxe4 27. Rc1 bxc3 28. bxc3 Qa3 29. Qg4 Rf6 30. c4 Qe3+ 31. Kg2 Qxd4 32. Rfd1 Qb2+ 33. Kh3 Rf5 34. Ng6 Bxg6 35. Qxg6 Rf6 36. Qg4 e3 37. Rb1 Qc3 38. cxd5 exd5 39. Qe2 d4 40. Rd3 Qc2 41. Qxc2 Rxc2 42. Rbd1 Rd6 43. Rxe3 dxe3 44. Rxd6 Kf7 45. Rd3 e2 46. Re3 Kf6 47. Kg4 g6 48. Kf3 Kf5 49. Rxe2 Rc3+ 50. Kg2 Ra3 51. h3 h5 52. Re5+ Kf6 53. Kf2 Rb3 54. Re3 Rb2+ 55. Kf3 Rb4 56. g4 hxg4+ 57. hxg4 Ra4 58. Rb3 Rc4 59. Rb6+ Kf7 60. g5 Ra4 61. Rf6+ Kg7 62. Re6 Rb4 63. Re7+ Kf8 64. Re4 Rb3+ 65. Kg4 Rb5 66. Ra4 Kf7 67. Ra6 Rc5 68. Rf6+ Kg7 69. f5 Rc4+ 70. Kg3 gxf5 71. Rxf5 Ra4 72. Rf4 Rxf4 73. Kxf4 Kg6 74. Kg4 Kg7 75. Kf5 Kf7 76. g6+ Kg7 77. Kg5 Kg8 78. Kh6 Kh8 79. g7+ Kg8 80. Kg6 1/2-1/2


[Site "https://www.chess.com"]

[Event "Titled Tuesday Blitz December 06 Early 2022"]
[White "Lenderman, Aleksandr"]
[Black "Jobava, Baadur"]
[WhiteFideId "2021285"]
[BlackFideId "13601520"]
[WhiteElo "2607"]
[BlackElo "2582"]
[Result "0-1"]
[Round "09"]
[TimeControl "180+1"]
[Date "2022.12.06"]
[WhiteClock "0:00:03"]
[BlackClock "0:00:53"]

1. d4 d5 2. c4 dxc4 3. Nf3 Nf6 4. e3 Bg4 5. Bxc4 e6 6. h3 Bh5 7. Nc3 Nc6 8. g4 Bg6 9. Nh4 Be4 10. f3 Nd5 11. Ng2 Bg6 12. Bb5 h5 13. Kf2 Nb4 14. Nf4 Bc2 15. Bxc6+ bxc6 16. Qf1 Bd6 17. a3 Bxf4 18. axb4 Bd6 19. Qa6 Qh4+ 20. Ke2 hxg4 21. Qxc6+ Ke7 22. fxg4 Qg3 23. Bd2 Rxh3 24. Rxh3 Qxh3 25. Qxa8 Qxg4+ 26. Qf3 Bd3+ 27. Kf2 Qh4+ 28. Kg2 Qh2# 0-1


[Site "https://www.chess.com"]

[Event "Titled Tuesday Blitz December 06 Early 2022"]
[White "Levine, David"]
[Black "Rian, Kapriaga"]
[WhiteFideId "2011611"]
[BlackFideId "7103263"]
[WhiteElo "2193"]
[BlackElo "2284"]
[Result "0-1"]
[Round "09"]
[TimeControl "180+1"]
[Date "2022.12.07"]
[WhiteClock "0:00:11"]
[BlackClock "0:00:58"]

1. d4 f5 2. c4 e6 3. g3 Nf6 4. Bg2 c6 5. Nf3 d5 6. O-O Bd6 7. Nc3 O-O 8. Qc2 Qe7 9. Ne5 Bd7 10. f3 Be8 11. e4 fxe4 12. fxe4 Bxe5 13. dxe5 Ng4 14. Rxf8+ Qxf8 15. exd5 Qc5+ 16. Kf1 Qxc4+ 17. Qe2 Qxe2+ 18. Kxe2 cxd5 19. Bh3 Bh5 20. Bxg4 Bxg4+ 21. Ke3 Nc6 22. Nb5 Rf8 0-1


[Site "https://www.chess.com"]

[Event "Titled Tuesday Blitz December 06 Early 2022"]
[White "Liu, Xiangyi"]
[Black "Tologon tegin, Semetei"]
[WhiteFideId "8605718"]
[BlackFideId "13800574"]
[WhiteElo "2323"]
[BlackElo "2264"]
[Result "1-0"]
[Round "09"]
[TimeControl "180+1"]
[Date "2022.12.07"]
[WhiteClock "0:00:39"]
[BlackClock "0:00:02"]

1. e4 e5 2. Nf3 Nc6 3. Bb5 a6 4. Ba4 Nf6 5. O-O Be7 6. Re1 b5 7. Bb3 O-O 8. d3 d6 9. h3 Na5 10. Nbd2 Nxb3 11. axb3 c5 12. Nf1 h6 13. Ne3 Be6 14. Bd2 Nh7 15. Qe2 f5 16. exf5 Bxf5 17. Nxf5 Rxf5 18. Qe4 Rf7 19. Ra2 Qc8 20. Rea1 Nf6 21. Qg6 Nd5 22. c4 bxc4 23. bxc4 Nf4 24. Bxf4 Rxf4 25. Nd2 Rf6 26. Qe4 Kh8 27. Qd5 Rg6 28. Kh1 Ra7 29. Ne4 Bf8 30. b3 Kh7 31. Ra3 Qb8 32. Rxa6 Rxa6 33. Rxa6 Qxb3 34. Ra8 Qd1+ 35. Kh2 Qf1 36. g3 Rf6 37. Nxf6+ gxf6 38. Rxf8 Qxf2+ 39. Qg2 1-0


[Site "https://www.chess.com"]

[Event "Titled Tuesday Blitz December 06 Early 2022"]
[White "Makhmudov, Shukhrat"]
[Black "Mitrovic, Darko R"]
[WhiteFideId "14200775"]
[BlackFideId "927023"]
[WhiteElo "2135"]
[BlackElo "2150"]
[Result "1-0"]
[Round "09"]
[TimeControl "180+1"]
[Date "2022.12.07"]
[WhiteClock "0:01:30"]
[BlackClock "0:00:35"]

1. e4 e6 2. d4 d5 3. exd5 exd5 4. Nf3 Nf6 5. Bd3 Bd6 6. Qe2+ Be7 7. O-O O-O 8. Re1 Re8 9. h3 h6 10. c3 Be6 11. Ne5 c5 12. Bf4 Nc6 13. Nxc6 bxc6 14. Nd2 cxd4 15. cxd4 Qb6 16. Nb3 a5 17. Rac1 Ne4 18. f3 a4 19. fxe4 axb3 20. a3 dxe4 21. Qxe4 g6 22. Rxc6 Qb7 23. Rxe6 Qxe4 24. R6xe4 h5 25. Rxe7 Rxe7 26. Rxe7 Kf8 27. Bd6 Kg7 28. Bc4 Rf8 29. Rd7 Re8 30. Rxf7+ Kh6 31. h4 g5 32. Rf6+ Kg7 33. hxg5 Re4 34. Be5 Rg4 35. Rf4+ Kg6 36. Rxg4 hxg4 37. Bf6 Kf5 38. Bxb3 g3 39. a4 Kg6 40. Be6 Kh5 41. Bf5 Kh4 42. a5 Kh5 43. a6 Kh4 44. a7 Kh5 45. a8=R 1-0


[Site "https://www.chess.com"]

[Event "Titled Tuesday Blitz December 06 Early 2022"]
[White "Manon-og, Ramon Jr."]
[Black "Borgaonkar Akshay"]
[WhiteFideId "5200776"]
[BlackFideId "25639110"]
[WhiteElo "2370"]
[BlackElo "2063"]
[Result "0-1"]
[Round "09"]
[TimeControl "180+1"]
[Date "2022.12.07"]
[WhiteClock "0:01:46"]
[BlackClock "0:02:29"]

1. e4 c5 2. Nf3 e6 3. g3 Nc6 4. Bg2 Qc7 5. O-O a6 6. d4 cxd4 7. Nxd4 Nf6 8. c4 h5 9. h4 Ng4 10. Nxc6 bxc6 11. Nc3 Bc5 12. Na4 Qxg3 13. Qxg4 hxg4 14. Nxc5 Qxh4 15. Rd1 g3 16. Be3 d6 17. Rxd6 gxf2+ 18. Bxf2 Qh2+ 19. Kf1 Qxd6 0-1


[Site "https://www.chess.com"]

[Event "Titled Tuesday Blitz December 06 Early 2022"]
[White "Martin, Lewis"]
[Black "Osiecki, Stanislaw"]
[WhiteFideId "410551"]
[BlackFideId "1102990"]
[WhiteElo "2145"]
[BlackElo "2088"]
[Result "1-0"]
[Round "09"]
[TimeControl "180+1"]
[Date "2022.12.07"]
[WhiteClock "0:00:11"]
[BlackClock "0:00:01"]

1. e4 e6 2. d4 d5 3. Nd2 c5 4. exd5 exd5 5. dxc5 Bxc5 6. Nb3 Bb6 7. Nf3 Ne7 8. Bd3 O-O 9. O-O Bf5 10. c3 Bxd3 11. Qxd3 Nbc6 12. Re1 h6 13. Be3 Bxe3 14. Rxe3 Re8 15. Rae1 Qd7 16. Nc5 Qc7 17. Qb5 b6 18. Na6 Qd7 19. Nb4 Red8 20. Nd3 Nf5 21. R3e2 Re8 22. Rxe8+ Rxe8 23. Rxe8+ Qxe8 24. Qxd5 Nfe7 25. Qe4 Qd7 26. h3 f5 27. Qe2 Qd5 28. b3 Kh7 29. Nf4 Qc5 30. c4 a5 31. Ne6 Qd6 32. g3 Ng6 33. h4 Nge5 34. Nf4 Nxf3+ 35. Qxf3 Nd4 36. Qd5 Qf6 37. Kg2 Nc2 38. Nh5 Qg6 39. Nf4 Qf6 40. c5 Nb4 41. Qc4 bxc5 42. a3 Qc6+ 43. Kh2 Na6 44. Qf7 Qf6 45. Qxf6 gxf6 46. Nd5 Kg6 47. Kg2 Kf7 48. Kf3 Ke6 49. Nc3 Nc7 50. Ne2 Ke5 51. Ke3 Nd5+ 52. Kd3 f4 53. g4 f3 54. Ng3 Kf4 55. Nf5 h5 56. Kc4 hxg4 57. Ng3 Ne7 58. Kxc5 Ng6 59. b4 1-0


[Site "https://www.chess.com"]

[Event "Titled Tuesday Blitz December 06 Early 2022"]
[White "Martinez Alcantara, Jose Eduardo"]
[Black "Korobov, Anton"]
[WhiteFideId "3805662"]
[BlackFideId "14105730"]
[WhiteElo "2707"]
[BlackElo "2635"]
[Result "0-1"]
[Round "09"]
[TimeControl "180+1"]
[Date "2022.12.06"]
[WhiteClock "0:00:00"]
[BlackClock "0:00:06"]

1. e4 c5 2. Nf3 d6 3. c3 Nf6 4. h3 Nbd7 5. Bd3 b6 6. Bc2 Bb7 7. Qe2 Qc7 8. O-O Rc8 9. Na3 e6 10. d4 cxd4 11. cxd4 d5 12. e5 Bxa3 13. exf6 Qxc2 14. fxg7 Rg8 15. Qxc2 Rxc2 16. bxa3 Rxg7 17. Bf4 f6 18. Rfc1 Rc4 19. Be3 b5 20. Nd2 Nb6 21. Nxc4 dxc4 22. g3 Kd7 23. Rab1 Bc6 24. Kh2 a6 25. Bd2 Be4 26. Ra1 Kc6 27. Ba5 Na4 28. Re1 Kd5 29. Re3 Re7 30. Rae1 Bd3 31. Bd8 Re8 32. Bxf6 Nc3 33. Re5+ Kd6 34. Rc5 Nd5 35. Be5+ Kd7 36. g4 c3 37. Rc1 Bc4 38. Kg3 Bxa2 39. R1xc3 Nxc3 40. Rxc3 Bc4 41. h4 Kc6 42. h5 Kd5 43. g5 a5 44. g6 hxg6 45. h6 b4 46. axb4 axb4 47. Rc1 b3 48. Rb1 Ke4 49. h7 Kd3 50. d5 exd5 51. h8=Q Rxh8 52. Bxh8 Kc2 53. Rb2+ Kd3 54. Rb1 Kc2 55. Rb2+ Kd3 56. Bf6 d4 57. Bg5 Kc3 58. Bc1 Bd3 59. Rd2 Bc2 60. Re2 b2 61. Bxb2+ Kxb2 62. Kf4 d3 63. Rd2 Kc3 64. Ke3 g5 65. f3 Bb1 66. Rd1 Bc2 67. Rd2 Bb1 68. Rg2 Bc2 69. Rg1 d2 70. Ke2 d1=Q+ 71. Rxd1 Bxd1+ 72. Kxd1 Kd3 73. f4 gxf4 74. Ke1 Ke3 75. Kf1 Kf3 0-1


[Site "https://www.chess.com"]